Map: 로맨티사이드 - 래더

Players

Trap - Winner!

  • Race: Protoss Protoss
  • League: Master
  • Spawn Location: 5:00

Dream

  • Race: Terran Terran
  • League: Grandmaster
  • Spawn Location: 11:00

VOD

Have the link to the VOD?

Description

Time

  • Played on: Oct. 20, 2020, 7:51 a.m.
  • Length: 12:58
Show
View Real Time Build Order
Export as new Build Order

Trap Protoss - Winner!

Build Orders: 1 Gate Expand, Archon Immortal, Blink Stalkers 

Get SALT Encoding   

  12  0:00  Probe  
  13  0:12  Probe  
  14  0:17  Pylon  
  14  0:24  Probe (Chrono Boost)  
  15  0:36  Probe (Chrono Boost)  
  15  0:37  Gateway  
  16  0:44  Probe (Chrono Boost)  
  16  0:48  Assimilator  
  17  0:50  Probe  
  18  1:03  Probe  
  19  1:15  Probe  
  20  1:23  Nexus  
  20  1:32  Cybernetics Core  
  20  1:35  Probe  
  21  1:43  Assimilator  
  21  1:47  Probe  
  21  1:52  Pylon  
  22  1:59  Probe  
  23  2:07  Adept (Chrono Boost)  
  23  2:11  Probe  
  23  2:12  Warp Gate  
  26  2:24  Twilight Council, Probe (Chrono Boost)  
  26  2:27  Stalker (Chrono Boost)  
  27  2:34  Probe (Chrono Boost)  
  31  2:42  Probe (Chrono Boost)  
  31  2:44  Probe (Chrono Boost)  
  32  2:48  Probe (Chrono Boost)  
  32  2:49  Probe  
  34  2:55  Blink (Chrono Boost)  
  34  3:00  Probe  
  34  3:01  Probe  
  36  3:12  Probe  
  37  3:13  Probe  
  37  3:14  Robotics Facility  
  37  3:18  Gateway  
  38  3:25  Gateway  
  38  3:30  Probe x2  
  40  3:36  Gateway  
  40  3:43  Probe x2  
  41  3:51  Pylon  
  41  4:00  Warp Prism (Chrono Boost)  
  41  4:01  Pylon  
  43  4:03  Stalker  
  45  4:11  Pylon  
  45  4:12  Stalker  
  45  4:13  Probe x2  
  49  4:18  Assimilator  
  49  4:26  Probe x2  
  49  4:29  Stalker x2  
  49  4:30  Stalker  
  55  4:35  Stalker  
  57  4:52  Stalker x2  
  57  4:53  Stalker  
  57  4:55  Observer  
  57  4:56  Assimilator  
  57  4:58  Stalker  
  66  5:06  Probe x2  
  66  5:17  Stalker x2  
  70  5:27  Probe x2  
  68  5:29  Stalker  
  68  5:32  Nexus  
  68  5:34  Pylon  
  68  5:35  Charge  
  70  5:40  Pylon  
  70  5:49  Observer  
  67  5:51  Zealot  
  67  5:56  Stalker x3  
  75  6:02  Observer  
  75  6:05  Probe x2  
  69  6:18  Gateway  
  69  6:19  Gateway  
  69  6:20  Gateway  
  69  6:24  Templar Archives  
  69  6:25  Probe x2 (Chrono Boost)  
  71  6:35  Probe x2 (Chrono Boost)  
  73  6:40  Probe x2 (Chrono Boost)  
  73  6:41  Sentry x2, Zealot  
  73  6:42  Pylon  
  73  6:43  Psionic Storm  
  73  6:47  Probe  
  82  6:51  Probe  
  82  6:54  Immortal (Chrono Boost), Pylon  
  83  7:00  Observer  
  87  7:11  High Templar  
  87  7:12  Zealot x3  
  95  7:16  Probe  
  95  7:17  Probe x2, Shield Battery  
  98  7:24  High Templar  
  98  7:26  Assimilator  
  98  7:27  Assimilator  
  98  7:28  Probe  
  98  7:29  Probe x2  
  103  7:32  Forge  
  103  7:34  Pylon  
  103  7:35  Pylon  
  103  7:36  High Templar  
  105  7:43  Immortal (Chrono Boost)  
  109  7:52  Zealot x4  
  109  7:53  Zealot  
  109  7:58  Probe x3  
  122  7:59  Protoss Ground Weapons Level 1 (Chrono Boost)  
  122  8:01  Zealot  
  122  8:03  Pylon  
  124  8:10  Probe  
  127  8:16  High Templar x2  
  127  8:17  Zealot  
  127  8:18  Zealot  
  133  8:20  Archon  
  133  8:35  Nexus  
  117  8:41  Archon  
  117  8:44  Zealot x5  
  105  8:49  Probe x3  
  105  8:51  Immortal (Chrono Boost)  
  96  9:02  High Templar x2  
  88  9:04  High Templar  
  88  9:05  Zealot x3, High Templar  
  97  9:11  Forge  
  97  9:15  Gateway  
  97  9:16  Pylon, Gateway  
  97  9:23  Probe x3, Immortal (Chrono Boost)  
  104  9:34  High Templar  
  104  9:35  High Templar x2  
  104  9:36  Zealot x2  
  104  9:37  Zealot x2  
  118  9:48  Probe x3  
  118  9:49  Probe  
  118  9:51  Protoss Ground Weapons Level 2 (Chrono Boost), Photon Cannon  
  122  9:53  Protoss Ground Armor Level 1 (Chrono Boost)  
  122  9:54  Shield Battery  
  122  9:57  Immortal (Chrono Boost)  
  126  10:02  Pylon  
  126  10:13  Sentry x2  
  130  10:14  Zealot x6  
  142  10:22  Archon  
  138  10:36  Stalker x7  
  138  10:37  Zealot x2  
  152  10:44  Immortal (Chrono Boost)  
  154  10:50  Robotics Bay  
  154  10:53  Robotics Facility  
  154  10:57  Zealot x2  
  158  11:04  Zealot x5  
  158  11:05  Zealot x2  
  148  11:23  Zealot x2  
  144  11:29  Zealot x4  
  144  11:31  Archon  
  128  11:35  Observer  
  128  11:38  Colossus (Chrono Boost)  
  124  11:44  Colossus (Chrono Boost)  
  126  11:47  Zealot x3  
  126  11:48  Zealot x2  
  132  11:56  Nexus  
  130  12:04  Zealot x4  
  130  12:20  Zealot x3  
  130  12:21  Zealot  
  150  12:34  Stalker  
  150  12:35  Stalker x3  
  148  12:45  Zealot  
  148  12:46  Zealot x3  
  148  12:51  Archon  
Show
View Real Time Build Order
Export as new Build Order

Dream Terran 

Build Orders: Reaper Expand 

Get SALT Encoding   

  12  0:00  SCV  
  13  0:12  SCV  
  14  0:17  Supply Depot  
  14  0:24  SCV  
  15  0:38  SCV  
  15  0:40  Barracks  
  16  0:43  Refinery  
  16  0:50  SCV  
  17  1:02  SCV  
  18  1:15  SCV  
  19  1:27  Reaper, Orbital Command  
  20  1:45  Command Center  
  20  1:52  SCV  
  20  1:53  Supply Depot  
  21  1:58  Marine  
  22  2:05  SCV  
  22  2:08  Factory  
  23  2:16  Marine  
  23  2:17  SCV  
  23  2:20  Bunker  
  25  2:29  SCV  
  26  2:36  Barracks Reactor  
  26  2:42  SCV  
  27  2:53  Hellion  
  27  2:54  SCV  
  27  2:57  Orbital Command  
  30  3:06  SCV  
  30  3:10  Command Center  
  31  3:14  Factory Tech Lab  
  31  3:15  Marine x2  
  34  3:20  SCV  
  34  3:23  SCV  
  35  3:31  Refinery  
  35  3:32  SCV, Cyclone  
  39  3:34  Marine x2  
  39  3:35  SCV  
  42  3:44  SCV  
  40  3:48  SCV  
  40  3:52  Barracks  
  40  3:54  Barracks  
  43  3:59  SCV  
  43  4:00  SCV  
  45  4:04  Supply Depot, Siege Tank  
  46  4:10  Supply Depot  
  46  4:15  Engineering Bay  
  46  4:22  SCV x2, Orbital Command, Marine x2  
  50  4:34  SCV x2  
  50  4:37  Siege Tank  
  55  4:39  Refinery  
  55  4:40  Marine x2, Barracks Tech Lab  
  55  4:42  Barracks Tech Lab  
  57  4:46  SCV  
  57  4:50  SCV x2  
  60  4:55  Terran Infantry Weapons Level 1  
  60  4:57  Marine x2  
  60  4:58  Supply Depot  
  60  4:59  Refinery, Marine  
  63  5:02  Marine  
  63  5:04  SCV x2  
  63  5:06  Stimpack  
  61  5:15  SCV, Marine x2  
  61  5:17  SCV  
  61  5:21  Marine x2  
  61  5:23  Siege Tank  
  61  5:26  SCV  
  61  5:27  SCV  
  65  5:31  Bunker  
  65  5:37  SCV  
  65  5:38  SCV  
  65  5:41  Marine x2  
  67  5:45  SCV  
  67  5:46  Marine  
  67  5:48  Concussive Shells  
  67  5:49  Marauder  
  71  5:52  SCV x2  
  71  5:57  Siege Tank  
  71  6:03  SCV  
  75  6:04  SCV  
  75  6:09  Marine x2  
  75  6:18  Supply Depot  
  73  6:21  Supply Depot, Marauder  
  75  6:26  SCV x2  
  77  6:33  Starport  
  77  6:35  SCV  
  77  6:38  SCV  
  77  6:41  SCV  
  78  6:47  SCV  
  78  6:49  Combat Shield  
  78  6:50  SCV, Marauder x2  
  78  6:51  Marine x2  
  78  6:53  SCV  
  87  6:59  SCV, Terran Infantry Armor Level 1  
  88  7:02  SCV  
  88  7:05  Barracks  
  88  7:07  SCV, Barracks  
  90  7:11  SCV  
  90  7:14  SCV  
  91  7:17  Orbital Command, Marauder  
  91  7:19  Barracks Reactor  
  91  7:20  Supply Depot  
  91  7:21  Supply Depot  
  93  7:39  SCV  
  93  7:42  SCV, Medivac x2, Marauder x2  
  102  7:45  SCV, Supply Depot x2  
  102  7:47  Siege Tank  
  102  7:50  Supply Depot x4  
  106  7:52  SCV, Refinery  
  106  7:54  SCV, Barracks Reactor  
  106  7:55  Refinery, Barracks Tech Lab  
  106  7:57  SCV  
  109  8:06  SCV x2, Marine x2  
  109  8:07  Marauder  
  109  8:09  SCV  
  109  8:10  Marauder  
  118  8:15  Marauder  
  118  8:18  SCV x2  
  118  8:19  Medivac, Siege Tank  
  127  8:21  SCV, Medivac  
  130  8:28  Marauder  
  130  8:30  Marine x2  
  130  8:32  Marauder  
  130  8:33  SCV x2  
  137  8:34  SCV  
  137  8:37  Marauder  
  124  8:44  Marine  
  124  8:45  SCV  
  124  8:46  Marine  
  124  8:48  SCV, Marine  
  114  8:49  SCV, Marauder  
  114  8:53  Marauder  
  114  8:54  Marine  
  96  8:57  SCV  
  96  8:58  Marauder  
  96  9:00  SCV  
  96  9:01  SCV  
  96  9:02  Marine  
  99  9:04  Marine  
  99  9:06  Marine  
  99  9:09  SCV  
  102  9:11  Marauder  
  102  9:12  SCV  
  102  9:14  Marauder, Ghost Academy  
  107  9:18  Siege Tank  
  107  9:20  Marine  
  107  9:21  Marauder  
  112  9:26  Viking  
  112  9:28  Viking  
  112  9:30  Marine x2  
  116  9:32  Marine  
  121  9:40  Marine  
  122  9:49  Refinery, Marine x2  
  122  9:50  Marine  
  122  9:51  Supply Depot  
  127  9:58  Marine  
  128  10:01  Viking, Medivac  
  132  10:07  Marine x2  
  132  10:08  Marine  
  132  10:12  SCV x2  
  127  10:14  Unknown  
  127  10:15  Enhanced Shockwaves, Unknown x2, Marine  
  127  10:16  Supply Depot  
  130  10:23  SCV  
  130  10:24  SCV x2  
  130  10:25  Marine x3  
  134  10:32  Marine  
  134  10:33  Marine  
  136  10:42  Marine  
  136  10:44  Marine x2  
  136  10:47  Unknown  
  136  10:48  Viking  
  143  10:52  Viking  
  147  10:58  Unknown  
  147  11:03  Marine x4  
  147  11:15  Unknown  
  137  11:19  Unknown  
  137  11:21  Siege Tank  
  121  11:27  Marine x2  
  121  11:28  Marine  
  104  11:33  Marine  
  97  11:40  Unknown, Marauder  
  97  11:44  Unknown  
  97  11:45  Marine x3  
  99  11:51  Marine  
  97  11:55  Unknown, Marauder  
  97  11:56  Liberator, Siege Tank  
  97  12:01  Marine  
  106  12:06  Marine x3  
  107  12:10  SCV x2  
  107  12:11  SCV  
  107  12:12  Unknown  
  107  12:13  Marauder  
  107  12:15  Marine  
  113  12:17  Marauder  
  116  12:24  Marauder, Marine x3  
  117  12:33  Marine  
  117  12:34  Marauder  
  117  12:35  SCV x3  
Tags
 
Add a new tag
Caveats
  • Supply blocks, unpowered buildings, or Contaminate may cause inaccurate times.
  • Supply counts are checked every 10 seconds.